 Dungeon Crawl Stone Soup version 0.28.0 (webtiles) character file.

Game seed: 6971170147403345259

42 freelancePsychic the Grasshopper (level 3, -6/21 HPs)
             Began as a Deep Elf Warper on Feb 17, 2022.
             Killed by divine providence
             ... invoked by an orc priest
              (15 damage)
             ... on level 3 of the Dungeon.
             The game lasted 00:03:59 (2604 turns).

freelancePsychic the Grasshopper (Deep Elf Warper)  Turns: 2604, Time: 00:04:00

Health: -6/21      AC:  4    Str:  8    XL:     3   Next: 33%
Magic:  9/9        EV: 12    Int: 19    God:
Gold:   56         SH:  0    Dex: 14    Spells: 5/8 levels left

rFire   + . .      SeeInvis .   a - +1 short sword
rCold   . . .      Faith    .   (no shield)
rNeg    . . .      Spirit   .   b - +1 leather armour
rPois   .          Reflect  .   (no helmet)
rElec   .          Harm     .   (no cloak)
rCorr   .          Rampage  .   (no gloves)
Will    .....                   (no boots)
Stlth   ++........              (no amulet)
HPRegen 0.07/turn               l - ring of protection from fire
MPRegen 0.11/turn               (no ring)

@: no status effects
A: no striking features
a: no special abilities


You were on level 3 of the Dungeon.
You visited 1 branch of the dungeon, and saw 4 of its levels.

You collected 56 gold pieces.

Inventory:

Hand Weapons
 a - a +1 short sword (weapon)
Missiles
 i - 2 poisoned darts (quivered)
 j - 4 boomerangs
Armour
 b - a +1 leather armour (worn)
 g - a +0 ring mail
Jewellery
 l - a ring of protection from fire (left hand)
Scrolls
 c - a scroll of blinking
 d - a scroll of identify {@r1}
 k - 5 scrolls of enchant armour
 o - a scroll of teleportation {@r4}
Potions
 h - a potion of magic {unknown}


   Skills:
 - Level 2.0 Fighting
 - Level 2.2 Short Blades
 - Level 1.0 Throwing
 - Level 0.7 Armour
 - Level 2.4 Dodging
 + Level 2.3 Stealth
 + Level 3.2 Spellcasting
 * Level 1.4 Hexes
 - Level 3.2 Translocations


You had 5 spell levels left.
You knew the following spells:

 Your Spells              Type           Power      Damage    Failure   Level
a - Tukima's Dance        Hex            8%         N/A       34%         3

Your spell library contained the following spells:

 Spells                   Type           Power      Damage    Failure   Level
 Blink                    Tloc           30%        N/A       9%          2
 Gell's Gravitas          Tloc           15%        N/A       16%         3
 Lesser Beckoning         Tloc           15%        N/A       16%         3
 Teleport Other           Tloc           15%        N/A       16%         3
 Passage of Golubria      Tloc           15%        N/A       47%         4
 Manifold Assault         Tloc           15%        N/A       83%         5
 Yara's Violent Unravell  Hex/Tmut       2%         3d3       99%         5


Dungeon Overview and Level Annotations

Branches:
Dungeon (4/15)
 Temple: D:4-7

Altars:


Message History

A sourceless malevolence fills the Dungeon...
You fall into a shaft and drop 1 floor!
The shaft crumbles and collapses.
A kobold comes into view.
It is wielding a +0 short sword and quivering poisoned darts.
Found a stone staircase leading up.
The kobold shouts!
Found 15 gold pieces.
The kobold throws a poisoned dart.
The poisoned dart hits you!
You are poisoned.
You feel very sick.
There is a stone staircase leading up here.
You feel sick.
You climb upwards.
You hear the sound of rushing water.
There is an entrance to a sewer on this level.
Hurry and find it before the portal rusts away!
You feel sick.
Found a club.
There is a stone staircase leading down here.
An orc comes into view. It is wielding a +0 club.
Found a scale mail.
You feel sick.
The orc shouts!
You hear a shout! x2; The orc priest shouts!
You feel sick.
Found 13 gold pieces.
You feel sick.
You feel sick.
The orc throws a boomerang.
The boomerang hits you.
You feel sick.
You are no longer poisoned.
Throw: 4 darts (poison)
Press: ? - help, Q - select action, (/) - cycle Shift-Dir - straight line, f - orc
Aim: an orc, wielding a +2 vampiric short sword, wearing a +0 leather armour and quivering boomerangs (59% to hit)
You throw a poisoned dart.
The poisoned dart closely misses the orc.
Throw: 3 darts (poison)
Press: ? - help, Q - select action, (/) - cycle Shift-Dir - straight line, f/p - orc
Aim: an orc, wielding a +2 vampiric short sword, wearing a +0 leather armour and quivering boomerangs (59% to hit)
You throw a poisoned dart. The poisoned dart hits the orc.
The orc is poisoned.
The orc throws a boomerang.
The boomerang barely misses you.
The orc priest invokes the aid of Beogh against you.
Beogh smites you!
Ouch! That really hurt!
You die...

#### $.#
#.# #@#
#.# #.#
#.# #.#
#o# #o#
.######o#
.)....o>#


You could see an orc priest and 2 orcs.

Vanquished Creatures
  An adder (D:2)
  2 dart slugs
  3 endoplasms
  3 giant cockroaches
  2 goblins
  2 hobgoblins (D:2)
  3 kobolds
  2 quokkas
  A ball python (D:1)
  3 frilled lizards
  5 rats
27 creatures vanquished.

Notes
Turn   | Place    | Note
-------+----------+-------------------------------------------
     0 | D:1      | freelancePsychic the Deep Elf Warper began the quest for
                  | the Orb.
     0 | D:1      | Reached XP level 1. HP: 12/12 MP: 6/6
   288 | D:1      | Reached skill level 1 in Stealth
   481 | D:1      | Found a faded altar of an unknown god.
   514 | D:1      | Reached XP level 2. HP: 17/17 MP: 8/8
  1922 | D:2      | Reached skill level 1 in Hexes
  1922 | D:2      | Reached XP level 3. HP: 17/21 MP: 9/9
  2209 | D:2      | Learned a level 3 spell: Tukima's Dance
  2586 | D:3      | You fall into a shaft and drop 1 floor!
  2604 | D:3      | Killed from afar by an orc priest

Illustrated notes

Levels and vault maps discovered:
D:1:      tarquinn_simple_flora_water_c, layout_basic,
          dreamdust_ecumenical_altar_statues, chequers_serial_rivers_micro_b
D:2:      layout_loops_ring
D:3:      layout_basic, portal_sewer_entry_d
D:4:      layout_gridville, minmay_manual_monstrance, uniq_sigmund,
          uniq_blork_the_orc

Skill      XL: |  1  2 |
---------------+-------+-----
Stealth        | 1 2 |  2.3
Fighting       | 2 |  2.0
Hexes          | 1 |  1.4
Short Blades   | |  2.2
Throwing       | |  1.0
Armour         | |  0.7
Dodging        | |  2.4
Spellcasting   | |  3.2
Translocations | |  3.2

Action                   || total
-------------------------++-------
Melee: Short sword       ||   110
       Punch             ||     1
Throw: Boomerang         ||     5
       Dart              ||     2
  Use: Scroll            ||     6
       Potion            ||     1
 Stab: Sleeping          ||     6
Armor: Leather armour    ||    23
Dodge: Dodged            ||    61
